Map: Simulacrum LE

Players

LiquidMaNa (MaNa)

  • Race: Protoss Protoss
  • League: Master
  • Spawn Location: 11:00

Trap - Winner!

  • Race: Protoss Protoss
  • Spawn Location: 5:00

Event: Shopify TSL 5

VOD

Have the link to the VOD?

Description

Time

  • Played on: May 24, 2020, 7:28 a.m.
  • Length: 9:50

All games in this series

Show
View Real Time Build Order
Export as new Build Order

LiquidMaNa Protoss 

Build Orders: Oracle Opening, Zealot Archon 

Get SALT Encoding   

  12  0:00  Probe  
  13  0:12  Probe  
  14  0:17  Pylon  
  14  0:25  Probe (Chrono Boost)  
  15  0:37  Probe (Chrono Boost)  
  15  0:38  Gateway  
  16  0:45  Probe (Chrono Boost)  
  16  0:46  Assimilator  
  17  0:51  Probe  
  17  0:56  Assimilator  
  18  1:03  Probe (Chrono Boost)  
  19  1:07  Gateway  
  19  1:12  Probe (Chrono Boost)  
  19  1:17  Probe (Chrono Boost)  
  21  1:25  Cybernetics Core  
  21  1:29  Probe  
  22  1:35  Pylon  
  22  1:41  Probe  
  23  1:53  Probe  
  24  2:01  Warp Gate (Chrono Boost)  
  24  2:02  Stalker x2  
  24  2:07  Probe  
  29  2:15  Pylon  
  30  2:23  Pylon  
  29  2:32  Sentry  
  31  2:42  Stargate  
  31  2:57  Nexus  
  31  3:03  Shield Battery  
  31  3:07  Sentry  
  33  3:18  Robotics Facility  
  33  3:24  Probe  
  34  3:34  Shield Battery  
  34  3:35  Oracle (Chrono Boost)  
  34  3:40  Probe  
  38  3:50  Stalker  
  38  3:52  Probe  
  41  4:02  Forge  
  41  4:07  Probe (Chrono Boost)  
  42  4:10  Probe (Chrono Boost)  
  42  4:15  Oracle  
  47  4:20  Probe x2 (Chrono Boost)  
  48  4:25  Probe (Chrono Boost)  
  48  4:28  Probe, Shield Battery  
  48  4:37  Probe  
  46  4:40  Probe  
  47  4:48  Protoss Ground Weapons Level 1  
  47  4:49  Probe (Chrono Boost)  
  49  4:57  Immortal, Probe (Chrono Boost)  
  54  5:01  Probe (Chrono Boost)  
  54  5:06  Probe (Chrono Boost)  
  55  5:07  Probe (Chrono Boost), Assimilator  
  55  5:09  Assimilator  
  55  5:12  Pylon  
  56  5:17  Probe  
  56  5:19  Probe  
  58  5:23  Pylon  
  58  5:29  Probe (Chrono Boost)  
  58  5:32  Probe (Chrono Boost)  
  58  5:33  Twilight Council  
  60  5:40  Probe (Chrono Boost)  
  60  5:41  Probe (Chrono Boost)  
  62  5:45  Immortal, Probe (Chrono Boost)  
  62  5:46  Probe (Chrono Boost)  
  68  5:51  Pylon  
  68  5:58  Pylon  
  68  6:10  Charge  
  68  6:12  Templar Archives  
  68  6:15  Gateway  
  68  6:16  Gateway  
  68  6:18  Gateway  
  68  6:19  Gateway  
  68  6:24  Observer  
  68  6:25  Pylon  
  69  6:31  Stalker  
  70  6:34  Probe  
  69  6:43  Probe  
  69  6:44  Warp Prism (Chrono Boost)  
  69  6:47  Probe  
  69  6:52  Protoss Ground Weapons Level 2 (Chrono Boost)  
  70  6:55  Probe, High Templar x2  
  70  6:59  Probe, Gateway  
  76  7:12  Probe x2  
  78  7:16  Archon  
  78  7:22  High Templar x2  
  80  7:23  Zealot x2  
  86  7:35  Pylon  
  88  7:50  Immortal  
  92  7:52  Nexus  
  92  8:03  Zealot x6  
  92  8:04  Archon  
  102  8:07  Pylon  
  102  8:10  Pylon  
  102  8:20  Pylon x2  
  102  8:21  Shield Battery  
  102  8:26  High Templar x3  
  102  8:27  High Templar  
  110  8:30  Archon x2  
  110  8:38  Zealot x3  
  110  8:39  Assimilator  
  116  8:47  Shield Battery  
  116  8:48  Shield Battery  
  116  8:54  Observer  
  112  8:58  Zealot x4  
  112  9:01  Zealot  
  100  9:06  Zealot  
  68  9:19  High Templar x2  
  68  9:20  High Templar x2  
  68  9:23  Archon x2  
  76  9:25  Zealot x2  
  72  9:40  Zealot  
Show
View Real Time Build Order
Export as new Build Order

Trap Protoss - Winner!

Build Orders: Zealot Archon 

Get SALT Encoding   

  12  0:00  Probe  
  13  0:12  Probe  
  14  0:17  Pylon  
  14  0:24  Probe (Chrono Boost)  
  15  0:36  Probe (Chrono Boost), Gateway  
  16  0:44  Probe (Chrono Boost)  
  16  0:47  Assimilator  
  17  0:51  Probe  
  17  0:55  Assimilator  
  18  1:03  Probe (Chrono Boost)  
  19  1:08  Gateway  
  19  1:13  Probe (Chrono Boost)  
  19  1:18  Probe (Chrono Boost)  
  20  1:24  Cybernetics Core  
  21  1:29  Probe  
  22  1:37  Pylon  
  22  1:41  Probe  
  23  1:55  Probe  
  24  2:01  Stalker  
  24  2:02  Sentry, Warp Gate  
  28  2:11  Pylon  
  28  2:12  Probe  
  29  2:24  Probe  
  29  2:29  Adept  
  32  2:31  Adept  
  32  2:36  Probe  
  35  2:53  Nexus  
  35  3:00  Pylon  
  35  3:03  Probe  
  36  3:06  Sentry  
  36  3:11  Shield Battery  
  38  3:19  Sentry  
  40  3:22  Robotics Facility  
  40  3:26  Probe (Chrono Boost)  
  41  3:38  Probe (Chrono Boost)  
  42  3:43  Probe (Chrono Boost)  
  43  3:50  Adept  
  43  3:52  Adept  
  47  4:01  Forge  
  47  4:07  Probe (Chrono Boost)  
  47  4:08  Probe (Chrono Boost)  
  49  4:13  Stalker  
  49  4:14  Stalker  
  55  4:17  Probe (Chrono Boost)  
  55  4:19  Probe (Chrono Boost)  
  55  4:22  Probe (Chrono Boost)  
  55  4:26  Pylon  
  55  4:29  Probe  
  56  4:34  Probe  
  56  4:36  Protoss Ground Weapons Level 1 (Chrono Boost)  
  56  4:38  Stalker  
  57  4:41  Probe  
  58  4:46  Probe  
  58  4:48  Stalker  
  60  4:53  Probe  
  60  4:55  Assimilator x2  
  60  4:58  Probe  
  62  5:02  Warp Prism (Chrono Boost)  
  62  5:05  Probe  
  64  5:10  Pylon  
  64  5:11  Probe  
  65  5:17  Probe  
  65  5:18  Twilight Council  
  66  5:28  Probe  
  67  5:29  Probe, Stalker  
  67  5:31  Stalker  
  72  5:39  Immortal  
  75  5:50  Gateway  
  75  5:51  Gateway  
  75  5:55  Charge  
  75  5:59  Templar Archives  
  75  6:07  Adept, Probe x2  
  75  6:08  Adept  
  77  6:17  Pylon  
  77  6:25  Pylon  
  77  6:36  Immortal  
  81  6:41  Gateway x2  
  81  6:46  Gateway  
  75  6:52  High Templar x2  
  77  6:57  High Templar x2  
  77  6:58  Gateway  
  77  6:59  Archon  
  81  7:01  Archon  
  80  7:09  Probe x2  
  80  7:15  Immortal  
  85  7:20  Nexus  
  85  7:23  Pylon  
  85  7:27  Probe x2  
  87  7:37  Pylon  
  87  7:38  High Templar x2  
  87  7:39  Pylon  
  87  7:42  Archon, Pylon  
  88  7:55  Zealot x2  
  88  7:57  Zealot  
  88  7:58  Zealot x2  
  94  8:05  Probe x2  
  96  8:21  Probe x2  
  96  8:27  High Templar x2  
  100  8:28  High Templar  
  100  8:30  High Templar  
  100  8:31  Zealot x4  
  114  8:35  Archon x2  
  114  8:46  Zealot x4  
  114  8:47  Archon  
  116  8:58  Zealot x3  
  116  8:59  Zealot  
  102  9:08  Probe x2  
  102  9:09  Probe  
  89  9:23  High Templar x2  
  93  9:24  Zealot x4  
  93  9:29  Archon  
  93  9:30  Zealot  
  99  9:35  Probe x3  
Tags
 
Add a new tag
Caveats
  • Supply blocks, unpowered buildings, or Contaminate may cause inaccurate times.
  • Supply counts are checked every 10 seconds.